Map: Paladino Terminal LE

Players

Nerchio - Winner!

  • Race: Zerg Zerg
  • Spawn Location: 5:00

uThermal

  • Race: Terran Terran
  • Spawn Location: 9:00

Event: WCS Austin 2017

VOD

Have the link to the VOD?

Description

Time

  • Played on: April 28, 2017, 8:39 p.m.
  • Length: 6:13

All games in this series

Show
View Real Time Build Order
Export as new Build Order

Nerchio Zerg - Winner!

Build Orders: Pool First 

Get SALT Encoding   

  12  0:00  Drone  
  13  0:13  Overlord  
  13  0:18  Drone  
  14  0:31  Drone x2  
  14  0:35  Drone  
  17  0:42  Extractor  
  17  0:45  Drone  
  17  0:52  Spawning Pool  
  17  0:56  Drone  
  17  1:06  Drone  
  18  1:23  Hatchery  
  17  1:28  Drone  
  18  1:40  Roach Warren  
  18  1:42  Zergling x2  
  18  1:55  Queen  
  18  1:59  Drone  
  21  2:06  Overlord  
  20  2:19  Roach  
  21  2:25  Roach  
  21  2:26  Roach  
  23  2:38  Roach  
  25  2:48  Roach  
  27  2:58  Drone x2  
  28  3:04  Drone  
  29  3:09  Ravager  
  30  3:22  Roach  
  30  3:23  Queen  
  34  3:31  Roach  
  35  3:38  Overlord  
  35  3:47  Overlord  
  33  3:58  Roach  
  33  4:00  Roach  
  35  4:13  Drone  
  36  4:17  Ravager  
  36  4:20  Drone  
  38  4:30  Drone x2  
  40  4:37  Roach  
  42  4:46  Roach x2  
  46  4:57  Roach  
  48  5:00  Overlord  
  48  5:04  Roach  
  48  5:15  Drone x2  
  48  5:16  Drone x2  
  52  5:30  Ravager  
  52  5:32  Spine Crawler  
  49  5:38  Drone  
  49  5:39  Drone x3  
  49  5:40  Extractor  
  52  5:48  Roach  
  52  5:49  Roach  
Show
View Real Time Build Order
Export as new Build Order

uThermal Terran 

Build Orders:  

Get SALT Encoding   

  12  0:12  Supply Depot  
  12  0:13  SCV  
  13  0:34  Barracks  
  13  0:39  Refinery  
  13  0:55  Barracks  
  13  1:01  SCV  
  14  1:22  Reaper  
  14  1:25  Barracks  
  15  1:35  Refinery  
  15  1:43  Reaper  
  16  1:59  Reaper  
  17  2:08  Bunker  
  17  2:13  Reaper  
  18  2:25  Reaper  
  19  2:33  Reaper  
  19  2:45  Reaper  
  19  2:57  Reaper  
  20  3:05  Reaper  
  21  3:17  Reaper  
  22  3:31  Supply Depot  
  22  3:35  Reaper  
  22  3:49  Reaper  
  22  3:58  Reaper  
  18  4:10  Reaper  
  19  4:22  Reaper  
  20  4:30  Reaper  
  20  5:02  Supply Depot  
  19  5:24  Reaper x2  
  21  5:28  Reaper  
Tags
 
Add a new tag
Caveats
  • Supply blocks, unpowered buildings, or Contaminate may cause inaccurate times.
  • Supply counts are checked every 10 seconds.